 Dungeon Crawl Stone Soup version 0.30.0-5-g1a98f26d00 (webtiles) character file.

Game seed: 3242317134767619243

30 dialectric the Sneak (level 3, 0/26 HPs)
             Began as an Octopode Delver on May 9, 2023.
             Slain by a phantom (7 damage)
             ... on level 5 of the Dungeon.
             The game lasted 00:00:26 (128 turns).

dialectric the Sneak (Octopode Delver)               Turns: 128, Time: 00:00:27

Health: 0/26       AC:  1    Str: 11    XL:     3   Next: 18%
Magic:  3/3        EV: 13    Int: 12    God:
Gold:   8          SH:  0    Dex: 15    Spells: 2/2 levels left

rFire   . . .        a - +0 short sword
rCold   . . .        (no shield)
rNeg    . . .        (helmet restricted)
rPois   .            (no amulet)
rElec   .            (no ring)
rCorr   .            (no ring)
SInv    .            (no ring)
Will    .....        (no ring)
Stlth   +++++        (no ring)
HPRegen 0.24/turn    (no ring)
MPRegen 0.08/turn    (no ring)
                     (no ring)

%: no passive effects
@: no status effects
A: almost no armour, amphibious, 8 rings, camouflage 1, gelatinous body 1,
(nimble swimmer 1), tentacles
a: no special abilities


You were on level 5 of the Dungeon.
You visited 1 branch of the dungeon, and saw 1 of its levels.

You collected 8 gold pieces.

Inventory:

Hand Weapons
 a - a +0 short sword (weapon)
Wands
 f - a wand of digging (3)
Scrolls
 b - a scroll of fog
 c - a scroll of magic mapping
 d - a scroll of fear
Potions
 e - a potion of haste


   Skills:
 + Level 3.2 Fighting
 + Level 2.0 Short Blades
 + Level 2.0 Dodging
 + Level 7.6 Stealth


You had 2 spell levels left.
You didn't know any spells.
Your spell library was empty.

Dungeon Overview and Level Annotations

Branches:
Dungeon (5/15)
 Temple: D:4-7

Altars:


Innate Abilities, Weirdness & Mutations

You cannot wear most types of armour.
You are amphibious.
You can wear up to eight rings at the same time.
Your skin changes colour to match your surroundings (Stealth+).
Your rubbery body absorbs attacks. (AC +1, EV +1)
((You are camouflaged when in or above water. (Stealth+)))
You have tentacles for arms and can constrict up to eight enemies at once.


Message History

You kill the hound!
Your Stealth skill increases to level 7!
You have reached level 2!
You have reached level 3!
Your experience leads to an increase in your attributes!
Increase (S)trength, (I)ntelligence, or (D)exterity?
You feel agile. x2
You closely miss the phantom. Your squeeze misses the phantom.
The phantom closely misses you.
You completely miss the phantom. The phantom barely misses you.
You hit the phantom but do no damage. Your squeeze misses the phantom.
The phantom hits you.
You closely miss the phantom. You squeeze the phantom.
The phantom is lightly damaged.
The phantom completely misses you.
You hit the phantom but do no damage. You squeeze the phantom.
The phantom is moderately damaged.
The phantom hits you.
You hit the phantom.
The phantom is heavily damaged.
The phantom hits you.
The phantom blinks!
You blink.
You closely miss the phantom.
The phantom is heavily damaged.
The phantom barely misses you.
You barely miss the phantom.
The phantom is heavily damaged.
You hit the phantom. Your squeeze misses the phantom.
The phantom is heavily damaged.
The phantom hits you.
You hit the phantom. You squeeze the phantom.
The phantom is heavily damaged.
The phantom hits you.
You hit the phantom. You squeeze the phantom.
The phantom is almost destroyed.
The phantom hits you!
* * * LOW HITPOINT WARNING * * *
You hit the phantom.
The phantom is almost destroyed.
The phantom hits you!
You die...

#.# #.......>..# #
#.##.# #..........#
#
#.##.##############
# #...........# #
####.######.# # #.#
#.# # #.# #.# # #.#
#.######### #@#
#.......... #W#
########### #.# #.#
#.# ..# #.# ###


You could see a phantom.

Vanquished Creatures
  A hound (D:5)
1 creature vanquished.

Notes
Turn   | Place    | Note
-------+----------+-------------------------------------------
     0 | D:5      | dialectric the Octopode Delver began the quest for the Orb.
     0 | D:5      | Reached XP level 1. HP: 16/16 MP: 1/1
    37 | D:5      | Noticed a phantom
    90 | D:5      | Noticed a hound
    98 | D:5      | Killed a hound
    99 | D:5      | Reached skill level 7 in Stealth
    99 | D:5      | Reached XP level 2. HP: 21/21 MP: 2/2
    99 | D:5      | Reached XP level 3. HP: 26/26 MP: 3/3
   128 | D:5      | Slain by a phantom

Illustrated notes

Levels and vault maps discovered:
D:5:      layout_basic, minmay_quadrilaterals

Skill      XL: |  1 |
---------------+----+-----
Stealth        | 7 |  7.6
Fighting       | |  3.2
Short Blades   | |  2.0
Dodging        | |  2.0

Action                     || total
---------------------------++-------
  Melee: Short sword       ||    15
         Tentacles         ||     5
         Constrict         ||     1
 Armour: Skin              ||     1
  Dodge: Dodged            ||     7
